 Dungeon Crawl Stone Soup version 0.28.0-43-g3370ac3207 (webtiles) character file.

Game seed: 12688025504318418277

4029 RascalDebosk the Cleaver (level 10, -10/90 HPs)
             Began as a Hill Orc Fighter on Mar 3, 2022.
             Was a Follower of Beogh.
             Mangled by a boulder beetle (39 damage)
             ... on level 9 of the Dungeon on Mar 5, 2022.
             The game lasted 01:29:40 (9102 turns).

RascalDebosk the Cleaver (Hill Orc Fighter)         Turns: 9102, Time: 01:29:41

Health: -10/90     AC: 18    Str: 34    XL:     10   Next: 24%
Magic:  0/14       EV:  8    Int: 10    God:    Beogh [*.....]
Gold:   196        SH:  5    Dex: 10    Spells: 9/9 levels left

rFire   . . .      SeeInvis .   a - +0 war axe (freeze)
rCold   . . .      Faith    .   c - +0 buckler
rNeg    . . .      Spirit   +   f - +0 plate armour
rPois   .          Reflect  .   m - +0 helmet
rElec   .          Harm     .   b - +1 cloak
rCorr   .          Rampage  .   p - +0 pair of gloves
Will    .....                   (no boots)
Stlth   ..........              u - amulet of guardian spirit
HPRegen 0.25/turn               j - +6 ring of strength
MPRegen 0.14/turn               r - +6 ring of strength

@: no status effects
A: no striking features
a: Renounce Religion


You were on level 9 of the Dungeon.
You worshipped Beogh.
Beogh was aware of your devotion.
You visited 2 branches of the dungeon, and saw 10 of its levels.
You also visited: Sewer.

You collected 406 gold pieces.
You spent 210 gold pieces at shops.

Inventory:

Hand Weapons
 a - a +0 war axe of freezing (weapon)
 n - a +0 dagger of draining
 t - a +0 short sword of flaming
Missiles
 k - 2 javelins
 l - 51 stones
 q - a curare-tipped dart
 s - 15 poisoned darts (quivered)
Armour
 b - a +1 cloak (worn)
 c - a +0 buckler (worn)
 f - a +0 plate armour (worn)
 m - a +0 helmet (worn)
 p - a +0 pair of gloves (worn)
Jewellery
 j - a +6 ring of strength (left hand)
 r - a +6 ring of strength (right hand)
 u - an amulet of guardian spirit (around neck)
Wands
 i - a wand of iceblast (8)
Scrolls
 e - a scroll of magic mapping
 w - 4 scrolls of teleportation
 y - a scroll of vulnerability {unknown}
 z - 2 scrolls of fear
Potions
 d - 3 potions of might
 g - a potion of berserk rage {unknown}
 h - 4 potions of attraction
 o - a potion of ambrosia {unknown}
 v - 3 potions of lignification
 x - 2 potions of mutation


   Skills:
 + Level 8.9 Fighting
 + Level 9.3 Axes
 - Level 4.0 Throwing
 + Level 8.1 Armour
 + Level 7.1 Shields
 + Level 5.6 Invocations


You had 9 spell levels left.
You didn't know any spells.
Your spell library contained the following spells:

 Spells                   Type           Power      Damage    Failure   Level
 Corpse Rot               Necr/Air       0%         N/A       99%         2
 Ozocubu's Armour         Ice            0%         N/A       100%        3
 Stone Arrow              Conj/Erth      0%         3d7       100%        3
 Animate Armour           Summ/Erth      0%         N/A       100%        4
 Dispel Undead            Necr           0%         3d6       100%        4
 Death Channel            Necr           0%         N/A       100%        6
 Ozocubu's Refrigeration  Ice            0%         4d5       100%        7
 Lehudib's Crystal Spear  Conj/Erth      0%         10d2      100%        8


Dungeon Overview and Level Annotations

Branches:
Dungeon (9/15)             Temple (1/1) D:7           Sewer (visited)
   Lair: D:8-11         Orc: D:9-12

Altars:
Elyvilon
Fedhas
Hepliaklqana
Kikubaaqudgha
Makhleb
Qazlal
Ru
Uskayaw
Vehumet
Wu Jian
Xom
Yredelemnul
Zin
The Shining One

Shops:
D:5 [   D:6 *


Message History

Throw: 18 darts (poison)
Press: ? - help, Q - select action, (/) - cycle Shift-Dir - straight line, f/p - boulder beetle
Aim: a boulder beetle (moderately wounded, 90% to hit)
You throw a poisoned dart.
The poisoned dart hits the boulder beetle.
The boulder beetle is poisoned.
The boulder beetle is moderately wounded.
The boulder beetle curls into a ball and begins rolling!
Throw: 17 darts (poison)
Press: ? - help, Q - select action, (/) - cycle Shift-Dir - straight line, f/p - boulder beetle
Aim: a boulder beetle (moderately wounded, rolling, poisoned, 90% to hit)
You throw a poisoned dart.
The poisoned dart hits the boulder beetle.
The boulder beetle looks even sicker.
The boulder beetle is moderately wounded.
Throw: 16 darts (poison)
Press: ? - help, Q - select action, (/) - cycle Shift-Dir - straight line, f/p - boulder beetle
Aim: a boulder beetle (moderately wounded, rolling, very poisoned, 90% to hit)
You throw a poisoned dart.
The poisoned dart hits the boulder beetle.
The boulder beetle looks even sicker.
The boulder beetle is moderately wounded.
Found a puce potion and 19 bolts.
The boulder beetle hits you!!
The boulder beetle stops rolling and uncurls.
The boulder beetle curls into a ball and begins rolling!
You see here a puce potion.
The boulder beetle hits you.
The boulder beetle stops rolling and uncurls.
The boulder beetle curls into a ball and begins rolling!
The boulder beetle hits you!!!
The boulder beetle stops rolling and uncurls.
A centaur zombie comes into view.
The boulder beetle curls into a ball and begins rolling!
You slash the centaur zombie!
The centaur zombie is moderately damaged.
You block the centaur zombie's attack.
The centaur zombie kicks you but does no damage.
The boulder beetle hits you!!!
You die...

#.#
#.#
#.#
#.#
#.#
#.#
#Z#
#@#
#B#
#○#
#.#
#.##
###
#..#
...
##.#
#.#
#.#
#.#
#.#
##<#
###


You could see a boulder beetle (rolling, poisoned) and a centaur zombie.

Vanquished Creatures
  6 yaks (D:8)
  4 vampire mosquitoes (D:8)
  A water moccasin (D:8)
  Pargi (Sewer)
  An orc warrior (D:8)
  2 sky beasts
  A necrophage (D:3)
  4 ogres
  3 centaurs
  2 kobold brigands
  A phantom (D:5)
  A bullfrog (D:7)
  2 scorpions
  A wyvern skeleton (D:6)
  3 wights (D:6)
  5 killer bees (D:8)
  A howler monkey (D:7)
  A bullfrog zombie (D:6)
  2 centaur zombies
  2 hounds
  A jelly (D:8)
  2 iguanas
  6 orc wizards
  A hound zombie (D:5)
  A hound skeleton (D:4)
  A howler monkey zombie (D:5)
  7 adders
  6 river rats (D:6)
  A shadow imp (D:4)
  4 worms (D:6)
  29 orcs
  7 ball pythons
  10 bats
  4 endoplasms
  4 giant cockroaches
  11 goblins
  4 hobgoblins
  19 kobolds
  A quokka (D:1)
  4 frilled lizards
  8 rats
175 creatures vanquished.

Vanquished Creatures (others)
  An orc priest (D:8)
  An orc wizard (D:8)
  6 orcs (D:8)
8 creatures vanquished.

Grand Total: 183 creatures vanquished

Notes
Turn   | Place    | Note
-------+----------+-------------------------------------------
     0 | D:1      | RascalDebosk the Hill Orc Fighter began the quest for the
                  | Orb.
     0 | D:1      | Reached XP level 1. HP: 19/19 MP: 1/1
   211 | D:1      | Reached XP level 2. HP: 27/27 MP: 2/2
   221 | D:1      | Reached skill level 3 in Axes
   596 | D:1      | Reached XP level 3. HP: 33/33 MP: 3/3
  1128 | D:2      | Found a faded altar of an unknown god.
  1241 | D:2      | Reached XP level 4. HP: 40/40 MP: 4/4
  2461 | D:4      | Noticed a necrophage
  2472 | D:3      | Killed a necrophage
  2473 | D:3      | Reached skill level 4 in Axes
  2473 | D:3      | Reached skill level 1 in Throwing
  2473 | D:3      | Reached XP level 5. HP: 35/47 MP: 2/5
  3326 | D:5      | Entered Level 5 of the Dungeon
  3376 | D:5      | Reached XP level 6. HP: 55/55 MP: 6/6
  3497 | D:5      | Found Linlar Sacs's Antique Armour Shop.
  3528 | D:5      | Noticed a sky beast
  3572 | D:5      | Killed a sky beast
  3573 | D:5      | Reached skill level 5 in Fighting
  3825 | D:5      | Reached skill level 5 in Axes
  3825 | D:5      | Reached XP level 7. HP: 19/61 MP: 2/7
  4082 | D:5      | Reached skill level 5 in Armour
  4111 | D:5      | Reached skill level 5 in Shields
  4904 | D:6      | Found a glowing drain.
  4909 | D:6      | Reached XP level 8. HP: 61/70 MP: 8/8
  4920 | Sewer    | Entered a sewer
  5044 | Sewer    | Noticed Pargi
  5053 | Sewer    | Killed Pargi
  5054 | Sewer    | Reached skill level 6 in Axes
  5412 | D:6      | Found Vaffew's Neck Hole.
  5486 | D:6      | Found a blossoming altar of Fedhas.
  5585 | D:5      | Bought a glowing cloak for 210 gold pieces
  5894 | D:6      | Reached skill level 7 in Axes
  6162 | D:7      | Found a staircase to the Ecumenical Temple.
  6181 | D:7      | Reached skill level 1 in Invocations
  6199 | D:7      | Reached XP level 9. HP: 59/79 MP: 8/10
  6216 | Temple   | Entered the Ecumenical Temple
  7246 | D:8      | Became a worshipper of Beogh the Brigand
  7304 | D:8      | Reached skill level 8 in Axes
  8327 | D:8      | Reached skill level 9 in Axes
  8327 | D:8      | Reached skill level 5 in Invocations
  8327 | D:8      | Reached XP level 10. HP: 68/90 MP: 10/13
  8341 | D:8      | Reached * piety under Beogh
  9057 | D:9      | Noticed a boulder beetle
  9102 | D:9      | Mangled by a boulder beetle

Illustrated notes

Levels and vault maps discovered:
D:1:      shiori_arrival_oz, layout_loops_ring
D:2:      layout_loops_ring, shapermc_ecumenical_altar_mp_vishouse,
          minmay_bisected
D:3:      layout_loops_corners, st_stairs_5
D:4:      layout_loops_ring
D:5:      layout_gridville, serial_shops, nicolae_shop_trees, minmay_crossroads
D:6:      layout_loops_cross, general_overflow_altar, lightli_sewer_entry_pipes,
          nicolae_shop_sticking_my_neck_out
D:7:      layout_cave_pods, minmay_temple_entry_junction
D:8:      layout_gridville, grunt_ministairs_7
D:9:      layout_loops_ring, grunt_ashenzari_visionary
          [grunt_ashenzari_visionary_swamp, grunt_ashenzari_visionary_spider],
          slow_altar_1
Temple:   dshaligram_water_room_temple

Skill      XL: |  1  2  3  4  5  6  7  8  9 10 |
---------------+-------------------------------+-----
Axes           | 3 4 5 7 9 |  9.3
Fighting       | 4 5 6 7 8 |  8.9
Armour         | 4 5 6 7 8 |  8.1
Throwing       | 1 2 3 4 |  4.0
Shields        | 4 5 6 7 |  7.1
Invocations    | 1 5 |  5.6

Action                   |  1- 3 |  4- 6 |  7- 9 | 10-12 || total
-------------------------+-------+-------+-------+-------++-------
Melee: War axe           |    78 |   107 |   268 |    30 ||   483
Throw: Javelin           |     1 |     3 |     9 |       ||    13
       Dart              |       |       |     2 |     4 ||     6
Invok: Convert to Beogh  |       |       |     1 |       ||     1
  Use: Scroll            |       |     9 |     3 |     1 ||    13
       Potion            |       |       |     3 |       ||     3
Armor: Scale mail        |    44 |     4 |       |       ||    48
       Chain mail        |       |    56 |     2 |       ||    58
       Plate armour      |       |       |   242 |    13 ||   255
Dodge: Dodged            |    35 |    32 |   136 |     6 ||   209
Block: Buckler           |    18 |    18 |   102 |     7 ||   145
